 Dungeon Crawl Stone Soup version 0.31-a0-1603-gbec6b6ccbf (webtiles) character file.

Game seed: 4503147529952187622

3038 Laraso the Spear-Bearer (level 9, -1/56 (70) HPs)
             Began as a Red Draconian Berserker on Jan 8, 2024.
             Was an Elder of Trog.
             Killed by divine providence
             ... invoked by Jeremiah
              (16 damage)
             ... on level 7 of the Dungeon.
             The game lasted 00:07:30 (5947 turns).

Laraso the Spear-Bearer (Red Draconian Berserker)   Turns: 5947, Time: 00:07:31

HP:   -1/56 (70)    AC:  8    Str: 20    XL:     9   Next: 56%
MP:   9/9           EV: 12    Int:  7    God:    Trog [****..]
Gold: 351           SH:  0    Dex: 15    Spells: 8/8 levels left

rFire   + . .        b - +1 halberd
rCold   + . .        (shield currently unavailable)
rNeg    . . .        (body armour unavailable)
rPois   .            (helmet restricted)
rElec   .            e - scarf {repulsion}
rCorr   .            i - +0 pair of gloves
SInv    .            (no boots)
Will    .....        (no amulet)
Stlth   +            o - ring of protection from cold
HPRegen 0.29/turn    (no ring)
MPRegen 0.11/turn

%: repel missiles
@: heavily drained
A: breathe fire, AC +7, unfitting armour, fire resistance 1, cold-blooded
a: Breathe Fire, Renounce Religion, Berserk, Trog's Hand, Brothers in Arms


You were on level 7 of the Dungeon.
You worshipped Trog.
Trog was greatly pleased with you.
You visited 1 branch of the dungeon, and saw 7 of its levels.

You collected 351 gold pieces.

Inventory:

Hand Weapons
 a - a +0 trident
 b - a +1 halberd (weapon)
 k - a +0 glaive
Armour
 e - a scarf of repulsion (worn)
 i - a +0 pair of gloves (worn)
 m - a scarf of resistance
Jewellery
 o - a ring of protection from cold (left hand)
Wands
 j - a wand of flame (26)
Scrolls
 f - 2 scrolls of enchant armour
 n - a scroll of fog
 t - 3 scrolls of identify {unknown}
 u - 3 scrolls of fear
Potions
 c - 2 potions of invisibility {unknown}
 d - a potion of degeneration {unknown}
 g - 2 potions of cancellation {unknown}
 h - 3 potions of enlightenment {unknown}
 l - 2 potions of might {unknown}
 p - a potion of haste {unknown}
 q - a potion of curing {unknown}
 r - 2 potions of attraction {unknown}
 s - a potion of heal wounds {unknown}
 v - a potion of mutation {unknown}


   Skills:
 - Level 3.2 Fighting
 * Level 13.6 Polearms
 - Level 2.6 Dodging


You had 8 spell levels left.
You didn't know any spells.
Your spell library was empty.

Dungeon Overview and Level Annotations

Branches:
Dungeon (7/15)             Temple (0/1) D:4

Altars:
Hepliaklqana
Uskayaw

Annotations:
D:7 Jeremiah


Innate Abilities, Weirdness & Mutations

You can breathe blasts of fire.
Your fiery red scales are hard. (AC +7)
You cannot fit into any form of body armour.
Your flesh is heat resistant. (rF+)
You are cold-blooded and may be slowed by cold attacks.


Message History

You kill the butterfly!
The butterfly disappears in a burst of colours!
Jeremiah hits you from afar with a +3 trident of draining.
You feel drained.
Unknown command.
You closely miss the butterfly.
Jeremiah hits you from afar with a +3 trident of draining.
You feel drained.
Unknown command.
Okay, then.
You miss the butterfly.
The butterfly disappears in a burst of colours!
You hit the butterfly.
You kill the butterfly!
The butterfly disappears in a burst of colours!
Jeremiah closely misses you.
Unknown command.
The butterfly disappears in a burst of colours! x3
Jeremiah hops!
You slash the butterfly!
You kill the butterfly!
The butterfly disappears in a burst of colours!
Unknown command.
The butterfly disappears in a burst of colours! x3
The butterfly disappears in a burst of colours!
The butterfly disappears in a burst of colours!
The butterfly disappears in a burst of colours!
Jeremiah says, "Oh, this is an awfully strange dream."
Jeremiah lets out a twisted cry.
Something smites you!
You have got your breath back.
Jeremiah throws their arms up pleadingly.
Something smites you!
Jeremiah mumbles a slurred invocation.
Something smites you!
* * * LOW HITPOINT WARNING * * *
Jeremiah throws their arms up pleadingly.
Something smites you!
You die...
Jeremiah says, "O terrible one, your will is done."

#b.......^.........#
#.#####.......###..# #.#
##....#.# #..# #.#
#.#.##.###..#### #.#
#.#............# #.#
####.(.b...b...##.#
#.###........b##.#.##.#
#............bb..#....#
#####.....@...b#####..#
#.#.######bFb#....#
#.#.# ###.#.##.# #(#.#
#...##.#
#.#.#########.###.#
######.........# #.# #.#
#........#####.###F###.#
#.######.#####.##...##.#
####.##
#.......F...b...#


You could see Jeremiah.

Vanquished Creatures
  Grinder (D:4)
  Sigmund (D:2)
  Edmund (D:6)
  Duvessa (D:4)
  An orc warrior (D:6)
  2 sky beasts (D:6)
  An ogre (D:5)
  3 centaurs
  A phantom (D:6)
  2 gnoll sergeants (D:5)
  4 bullfrogs
  2 scorpions
  A wight (D:5)
  Dowan (D:4)
  A howler monkey (D:5)
  4 bombardier beetles (D:5)
  5 jellies
  7 orc priests
  A hound (D:5)
  2 sleepcaps
  Natasha (thrice) (D:3)
  4 iguanas
  5 orc wizards
  A mummy (D:4)
  4 gnolls
  4 adders
  3 white imps
  5 ufetubi
  A ribbon worm (D:2)
  2 dart slugs (D:4)
  33 orcs
  5 bats
  9 endoplasms
  4 giant cockroaches
  4 goblins
  3 hobgoblins
  A quokka (D:4)
  6 ball pythons
  6 frilled lizards
  A hobgoblin zombie (D:4)
  7 kobolds
  2 kobold zombies (D:4)
  An orc zombie (D:4)
  5 rats
161 creatures vanquished.

Notes
Turn   | Place    | Note
-------+----------+-------------------------------------------
     0 | D:1      | Laraso the Draconian Berserker began the quest for the Orb.
     0 | D:1      | Reached XP level 1. HP: 19/19 MP: 1/1
   190 | D:1      | Reached XP level 2. HP: 26/26 MP: 2/2
   503 | D:1      | Reached skill level 4 in Polearms
   716 | D:2      | Reached ** piety under Trog
   717 | D:2      | Reached XP level 3. HP: 29/31 MP: 3/3
   874 | D:2      | Found Qyommaix's Jewellery Boutique.
   953 | D:2      | Noticed Sigmund
   963 | D:2      | Killed Sigmund
   964 | D:2      | Reached skill level 6 in Polearms
   964 | D:2      | Reached XP level 4. HP: 38/38 MP: 4/4
   964 | D:2      | Reached XP level 5. HP: 45/45 MP: 5/5
  1765 | D:3      | Noticed Natasha
  1771 | D:3      | Killed Natasha
  2002 | D:3      | Found a hazy altar of Hepliaklqana.
  2104 | D:3      | Noticed Natasha
  2114 | D:3      | Killed Natasha
  2115 | D:3      | Reached XP level 6. HP: 23/51 MP: 6/6
  2217 | D:3      | Found a faded altar of an unknown god.
  2245 | D:3      | Noticed Natasha
  2249 | D:3      | Reached skill level 7 in Polearms
  2265 | D:3      | Killed Natasha
  2535 | D:4      | Noticed Grinder
  2546 | D:4      | Noticed Dowan
  2555 | D:4      | Killed Grinder
  2555 | D:4      | Noticed Duvessa
  2556 | D:4      | Reached skill level 8 in Polearms
  2556 | D:4      | Your scales start taking on a fiery red colour.
  2556 | D:4      | Reached XP level 7. HP: 57/57 MP: 7/7
  2556 | D:4      | Gained mutation: Your flesh is heat resistant. (rF+) [Red
                  | Draconian growth]
  2565 | D:4      | Killed Dowan
  2573 | D:4      | Killed Duvessa
  2677 | D:4      | Found a staircase to the Ecumenical Temple.
  2754 | D:4      | Reached skill level 9 in Polearms
  2939 | D:4      | Identified the +1 long sword of the Warrior {freeze, Str+2
                  | SInv}
  3183 | D:5      | Entered Level 5 of the Dungeon
  3288 | D:5      | Reached XP level 8. HP: 31/63 MP: 8/8
  3402 | D:5      | Reached skill level 10 in Polearms
  3417 | D:5      | Reached *** piety under Trog
  3772 | D:5      | Reached skill level 11 in Polearms
  4435 | D:6      | Reached skill level 12 in Polearms
  4502 | D:6      | Noticed Edmund
  4503 | D:6      | Reached XP level 9. HP: 70/70 MP: 9/9
  4514 | D:6      | Killed Edmund
  4567 | D:6      | Reached **** piety under Trog
  4925 | D:6      | Found a hide-covered altar of Uskayaw.
  4980 | D:6      | Reached skill level 13 in Polearms
  5809 | D:7      | Noticed Jeremiah
  5947 | D:7      | Killed from afar by Jeremiah

Illustrated notes

Levels and vault maps discovered:
D:1:      lightli_arrival_statuegarden, layout_loops_ring,
          minmay_misc_feat_nine_boxes, minivault_11,
          amcnicky_mini_rare_corridor_liquid
D:2:      cheibrodos_old_hovel, layout_loops_corners, serial_shops, shop,
          uniq_sigmund
D:3:      layout_rooms, mainiacjoe_overflow_boulevard,
          shapermc_ecumenical_altar_mp_vishouse, uniq_natasha
D:4:      layout_basic, minmay_temple_entry_waves, minmay_mini_ossuary,
          uniq_grinder, uniq_duvessa
D:5:      cheibrodos_fzero, layout_rooms
D:6:      minmay_spotlight, layout_cave_pools,
          nicolae_uskayaw_murder_on_the_dancefloor, uniq_edmund
D:7:      kennysheep_steamy, layout_loops_ring, uniq_jeremiah

Skill      XL: |  1  2  3  4  5  6  7  8  9 |
---------------+----------------------------+-----
Polearms       | 4 6 8 9 12 13 | 13.6
Fighting       | |  3.2
Dodging        | |  2.6

Action                     |  1- 3 |  4- 6 |  7- 9 || total
---------------------------+-------+-------+-------++-------
  Melee: Spear             |   100 |    83 |    54 ||   237
         Tailslap          |     5 |    12 |    34 ||    51
         Punch             |     1 |     3 |       ||     4
         Trident           |       |       |    86 ||    86
         Halberd           |       |       |   230 ||   230
 Invoke: Berserk           |     1 |     3 |     2 ||     6
         Trog's Hand       |       |     1 |     1 ||     2
Ability: Breathe Fire      |       |       |    14 ||    14
    Use: Scroll            |       |     4 |     4 ||     8
   Stab: Sleeping          |     6 |     1 |     1 ||     8
         Distracted        |       |       |     1 ||     1
 Armour: Skin              |    24 |    24 |   155 ||   203
  Dodge: Dodged            |    31 |    17 |   157 ||   205
         Repelled          |       |       |     5 ||     5

Table legend: (Time is in decaauts)
 A = Elapsed time spent in this place.
 B = Non-inter-level travel time spent in this place.
 C = Inter-level travel time spent in this place.
 D = Time resting spent in this place.
 E = Time spent auto-exploring this place.
 F = Levels seen in this place.
 G = Mean time per level.
                   A        B        C        D        E       F      G
               +--------+--------+--------+--------+--------+-----+--------+
         Total |   5903 |   5724 |    179 |    997 |   3558 |   7 |  843.3 |
       Dungeon |   5903 |   5724 |    179 |    997 |   3558 |   7 |  843.3 |
               +--------+--------+--------+--------+--------+-----+--------+

Top non-repeatable levels by time:
     D:2: 1046 daAuts
     D:4: 995 daAuts
     D:6: 961 daAuts
     D:5: 834 daAuts
     D:3: 754 daAuts
     D:7: 673 daAuts
     D:1: 637 daAuts
